AoeStats
← ivcrk826

Fortress

509304921Analyzed
3v3 RM · 5d ago on Sep 26, 2026· 63m 34s· 6 players
Game mode
Random Map
Map size
Large (8 player)
Population
200
Speed
Normal
Resources
Standard
Victory
Conquest
Starting age
Dark Age
Ending age
Imperial Age
RankedLock teamsTeams togetherTeam positionsShared explorationLock speedFull tech treeHidden civsTurbo modeCheats
Victory
Defeat
🇭🇰 Mongols · Hong Kong SAR China
1499
+12
🇨🇳 Khmer · China
1482
+12
1286
+20
🇦🇷 Persians · Argentina
1439
-17
🇻🇳 Danes · Vietnam
1410
-15
🇪🇸 Saracens · Spain
1334
-12
8co
7:10 Loom
9:04 Feudal Age
10:16 Loom
10:53 Double-Bit Axe
10:50 Horse Collar
13:27 Castle Age
12:57 Scale Mail Armor
13:20 Gold Mining
14:40 Chain Mail Armor
15:03 Forging
15:25 Bow Saw
16:07 Squires
15:52 Gambesons
23:13 Wheelbarrow
22:41 Heavy Plow
23:03 Stone Mining
28:00 Imperial Age
25:29 Fletching
26:05 Padded Archer Armor
27:04 Gold Shaft Mining
26:02 Elite Skirmisher
27:56 Ballistics
28:55 Bodkin Arrow
30:11 Chemistry
29:42 Conscription
29:43 Bracer
31:38 Stone Shaft Mining
32:08 Leather Archer Armor
32:45 Elite Jomsviking
34:45 Hand Cart
34:15 Town Watch
35:03 Ring Archer Armor
35:04 Plate Mail Armor
35:10 Iron Casting
37:15 Masonry
37:13 Siege Engineers
37:01 Hamask
38:51 Pikeman
43:29 Caravan
44:25 Halberdier
47:39 Arson
52:22 Blast Furnace
52:40 Scale Barding Armor
54:41 Chain Barding Armor
ivcrk826
7:41 Feudal Age
9:02 Horse Collar
11:30 Castle Age
9:38 Double-Bit Axe
12:13 Bow Saw
13:44 Gold Mining
15:51 Loom
19:30 Gold Mining
25:42 Imperial Age
23:15 Stone Mining
24:12 Bloodlines
24:07 Scale Barding Armor
25:31 Chain Barding Armor
25:22 Forging
26:16 Wheelbarrow
25:56 Heavy Plow
25:20 Cavalier
26:03 Husbandry
26:57 Conscription
27:21 Hand Cart
28:05 Plate Barding Armor
28:55 Two-Man Saw
28:49 Savar
30:18 Gold Shaft Mining
32:12 Iron Casting
31:05 Light Cavalry
34:01 Blast Furnace
33:19 Elite War Elephant
34:41 Caravan
43:26 Crop Rotation
45:07 Ballistics
44:53 Fletching
46:08 Hussar
60:20 Guilds
60:31 Pikeman
61:22 Squires
61:25 Scale Mail Armor
62:47 Chain Mail Armor
61:55 Halberdier
Rosa Luxemburg
7:08 Feudal Age
11:04 Castle Age
9:26 Double-Bit Axe
10:26 Horse Collar
13:11 Bow Saw
13:32 Loom
18:59 Heavy Plow
19:52 Crossbowman
20:39 Fletching
21:53 Wheelbarrow
22:43 Bodkin Arrow
22:39 Town Watch
23:53 Ballistics
23:53 Thumb Ring
24:49 Sanctity
24:39 Gold Mining
28:14 Imperial Age
26:01 Padded Archer Armor
28:37 Onager
30:20 Chemistry
29:24 Bracer
28:47 Arbalester
30:01 Block Printing
31:17 Siege Engineers
33:34 Conscription
33:31 Bimaristan
33:59 Hoardings
35:26 Siege Onager
41:41 Scale Barding Armor
41:47 Forging
42:42 Bloodlines
42:32 Husbandry
43:58 Chain Barding Armor
44:23 Caravan
46:12 Plate Barding Armor
45:51 Elite Mameluke
48:03 Light Cavalry
49:22 Hand Cart
50:20 Iron Casting
61:12 Heavy Camel Rider
64:34 Blast Furnace
沒打很好但夠用
0:28 Loom
7:30 Feudal Age
13:18 Castle Age
11:11 Double-Bit Axe
11:09 Horse Collar
17:54 Wheelbarrow
18:46 Elite Skirmisher
19:59 Heavy Plow
21:14 Bow Saw
25:53 Imperial Age
24:27 Gold Mining
25:52 Bloodlines
25:42 Husbandry
25:54 Scale Barding Armor
26:37 Hand Cart
26:46 Forging
27:14 Crossbowman
27:17 Imperial Skirmisher
28:13 Stone Mining
29:05 Chain Barding Armor
28:47 Caravan
29:16 Paper Money
29:51 Ballistics
30:31 Chemistry
30:02 Elite Battle Elephant
31:33 Crop Rotation
32:06 Two-Man Saw
31:51 Plate Barding Armor
31:52 Iron Casting
32:44 Iron Casting
32:10 Padded Archer Armor
32:00 Fletching
33:29 Chatras
36:27 Hoardings
36:32 Leather Archer Armor
36:13 Bodkin Arrow
40:25 Guilds
40:33 Guilds
40:54 Coinage
42:35 Light Cavalry
48:09 Bracer
48:39 Ring Archer Armor
局長
5:48 Loom
7:34 Feudal Age
9:32 Double-Bit Axe
9:51 Horse Collar
12:22 Castle Age
10:38 Stone Mining
10:49 Gold Mining
12:57 Wheelbarrow
13:04 Fletching
14:07 Bow Saw
19:38 Fortified Wall
22:53 Stone Mining
23:55 Heavy Plow
25:11 Stone Shaft Mining
25:13 Gold Shaft Mining
26:15 Hand Cart
29:27 Imperial Age
27:06 Padded Archer Armor
27:03 Town Watch
27:54 Ballistics
27:31 Bodkin Arrow
27:39 Husbandry
28:00 Bloodlines
28:45 Leather Archer Armor
28:37 Thumb Ring
28:55 Town Patrol
31:19 Chemistry
29:41 Elite Mangudai
30:45 Conscription
31:02 Scale Barding Armor
30:32 Elite Steppe Lancer
31:35 Forging
32:07 Chain Barding Armor
31:51 Bracer
32:40 Chain Barding Armor
31:51 Heavy Camel Rider
33:52 Iron Casting
37:01 Blast Furnace
41:06 Caravan
45:11 Light Cavalry
46:58 Parthian Tactics
57:04 Hussar
D哥
7:08 Feudal Age
9:51 Castle Age
7:59 Double-Bit Axe
8:15 Horse Collar
11:24 Bow Saw
19:21 Wheelbarrow
18:33 Loom
20:05 Gold Mining
24:12 Imperial Age
21:49 Stone Mining
22:36 Gold Shaft Mining
22:11 Heavy Plow
23:12 Hand Cart
22:43 Town Watch
23:56 Stone Shaft Mining
25:17 Conscription
25:17 Double Crossbow
28:02 Chemistry
27:14 Elite Ballista Elephant
29:06 Scale Barding Armor
29:53 Forging
30:16 Chain Barding Armor
30:02 Husbandry
30:13 Bloodlines
29:49 Light Cavalry
30:30 Hussar
32:03 Tusk Swords
31:50 Elite Battle Elephant
33:12 Plate Barding Armor
33:13 Iron Casting
34:14 Fortified Wall
34:25 Ballistics
35:55 Blast Furnace
35:34 Hoardings
35:13 Masonry
35:00 Murder Holes
34:56 Heated Shot
36:05 Guard Tower
42:19 Crop Rotation
42:07 Scale Mail Armor
42:40 Coinage
42:56 Fletching
43:23 Chain Mail Armor
42:30 Pikeman
42:56 Arson
43:58 Caravan
43:29 Capped Ram
44:36 Siege Ram
50:40 Halberdier
58:48 Banking
62:06 Bodkin Arrow
63:07 Bracer
63:11 Padded Archer Armor
62:39 Man-at-Arms
Connection lost

Rejoining the realm…

Still unreachable

The connection could not be restored.

Session expired

The server has moved on; the page needs a fresh start.